 Dungeon Crawl Stone Soup version 0.28-a0-1510-gd0f6b136d3 (webtiles) character file.

Game seed: 5296691163662354271

1890 Heh the Tainter (level 9, -3/63 HPs)
             Began as an Octopode Venom Mage on Jan 16, 2022.
             Was a Follower of Vehumet.
             Slain by a sky beast (5 damage)
             ... on level 6 of the Dungeon.
             The game lasted 00:11:18 (6562 turns).

Heh the Tainter (Octopode Venom Mage)               Turns: 6562, Time: 00:11:19

Health: -3/63      AC:  1    Str:  7    XL:     9   Next: 15%
Magic:  9/15       EV: 19    Int: 17    God:    Vehumet [*.....]
Gold:   153        SH:  0    Dex: 17    Spells: 8/16 levels left

rFire   . . .      SeeInvis .   q - +4 rapier
rCold   . . .      Faith    .   (no shield)
rNeg    . . .      Spirit   .   (helmet restricted)
rPois   +          Reflect  .   (no amulet)
rElec   .          Harm     .   a - +4 ring of evasion
rCorr   .          Rampage  .   l - ring of poison resistance
Will    .....                   (no ring)
Stlth   +++.......              (no ring)
HPRegen 0.20/turn               (no ring)
MPRegen 0.14/turn               (no ring)
                                (no ring)
                                (no ring)

@: on berserk cooldown
A: almost no armour, amphibious, 8 rings, camouflage 1, gelatinous body 1,
(nimble swimmer 1), tentacles
a: Renounce Religion


You were on level 6 of the Dungeon.
You worshipped Vehumet.
Vehumet was aware of your devotion.
You visited 2 branches of the dungeon, and saw 7 of its levels.
You also visited: Sewer.

You collected 153 gold pieces.

Inventory:

Hand Weapons
 c - a +0 scythe
 d - a +0 dagger
 f - a +2 vorpal mace
 j - a +0 war axe
 q - a +4 rapier (weapon)
 u - a +0 falchion of holy wrath
Jewellery
 a - a +4 ring of evasion (left tentacle)
 l - a ring of poison resistance (right tentacle)
 m - an amulet of reflection
 x - a +6 ring of intelligence
Scrolls
 b - 2 scrolls of immolation
 e - a scroll of identify
 i - 2 scrolls of fear {unknown}
 p - 2 scrolls of amnesia {unknown}
 r - a scroll of enchant armour {unknown}
 s - 2 scrolls of blinking {unknown}
 w - a scroll of teleportation {unknown}
Potions
 h - a potion of degeneration
 k - a potion of magic
 n - a potion of attraction {unknown}
 o - a potion of mutation {unknown}
 t - a potion of cancellation
 v - a potion of might {unknown}


   Skills:
 * Level 6.8 Fighting
 * Level 5.2 Dodging
 - Level 2.6 Stealth
 - Level 4.0 Spellcasting
 - Level 1.0 Transmutations
 - Level 9.0 Poison Magic


You had 8 spell levels left.
You knew the following spells:

 Your Spells              Type           Power      Damage    Failure   Level
a - Sting                 Tmut/Pois      80%        1d7       1%          1
b - Olgreb's Toxic Radia  Pois           34%        N/A       3%          4
c - Mephitic Cloud        Conj/Pois/Air  13%        N/A       14%         3

Your spell library contained the following spells:

 Spells                   Type           Power      Damage    Failure   Level
 Foxfire                  Conj/Fire      12%        2x1d4     16%         1
 Poisonous Vapours        Pois/Air       36%        N/A       3%          2
 Shock                    Conj/Air       12%        1d3       16%         1
 Confusing Touch          Hex            3%         N/A       43%         3
 Gell's Gravitas          Tloc           3%         N/A       43%         3
 Lesser Beckoning         Tloc           3%         N/A       43%         3
 Swiftness                Air            3%         N/A       43%         3
 Teleport Other           Tloc           3%         N/A       43%         3
 Airstrike                Air            1%         N/A       83%         4
 Yara's Violent Unravell  Hex/Tmut       2%         3d3       98%         5
 Enfeeble                 Hex            1%         N/A       100%        7


Dungeon Overview and Level Annotations

Branches:
Dungeon (6/15)             Temple (1/1) D:4           Sewer (visited)

Altars:
Ashenzari
Cheibriados
Dithmenos
Elyvilon
Fedhas
Gozag
Hepliaklqana
Kikubaaqudgha
Nemelex Xobeh
Okawaru
Qazlal
Ru
Sif Muna
Trog
Uskayaw
Vehumet
Wu Jian
Xom
Yredelemnul
Zin
The Shining One


Innate Abilities, Weirdness & Mutations

You cannot wear most types of armour.
You are amphibious.
You can wear up to eight rings at the same time.
Your skin changes colour to match your surroundings (Stealth+).
Your rubbery body absorbs attacks. (AC +1, EV +1)
((You are camouflaged when in or above water. (Stealth+)))
You have tentacles for arms and can constrict up to eight enemies at once.


Message History

You closely miss the ice beast. Your squeeze misses the ice beast.
The ice beast is moderately wounded.
A sky beast appears from thin air!
Reactivating autopickup.
The ice beast barely misses you.
You barely miss the ice beast.
The ice beast is moderately wounded.
The ice beast hits you.
* * * LOW HITPOINT WARNING * * *
The ice beast freezes you.
* * * LOW HITPOINT WARNING * * *
You puncture the ice beast!
The ice beast is almost dead.
The ice beast closely misses you.
You puncture the ice beast!
You kill the ice beast!
Vehumet accepts your kill.
You closely miss the sky beast.
The sky beast is moderately wounded.
You are no longer berserk.
You are exhausted.
You feel yourself slow down.
Casting: Olgreb's Toxic Radiance (dangerous; 3% risk of failure)
Confirm with . or Enter, or press ? or * to list all spells.
You begin to radiate toxic energy.
The sky beast is poisoned.
The sky beast looks even sicker.
The sky beast hits you.
* * * LOW HITPOINT WARNING * * *
The sky beast shocks you.
* * * LOW HITPOINT WARNING * * *
The sky beast closely misses you.
It was a potion of cancellation.
Your magical effects are unravelling.
You feel magically purged.
You feel yourself speed up.
Your toxic aura wanes.
The sky beast flickers out of sight!
Deactivating autopickup; reactivate with Ctrl-A.
Something hits you.
* * * LOW HITPOINT WARNING * * *
Something shocks you.
You die...

....####....##.###...
#....#.....##.......
###........###.......
.
...........##.<.....#
..
##.##..#..........##
...
####..###.........#
....##.#...#
##.........
#........##
..........
#...#.@#..#
#.....>.... ..
##{#..# #(.........
#...##..............
#..[. #.............
.....## ..... #...###
..... #(.. .... ....
#....


There were no monsters in sight!

Vanquished Creatures
  Pikel (D:5)
  Sigmund (D:2)
  Menkaure (D:5)
  An ice beast (D:6)
  A necrophage (D:5)
  An ogre (D:5)
  A kobold brigand (Sewer)
  2 lemures (D:5)
  Blork the orc (D:5)
  A scorpion (D:5)
  2 howler monkeys (D:5)
  A centaur zombie (D:5)
  3 bullfrog skeletons
  A gnoll shaman (D:5)
  An orc priest (D:3)
  An iguana (D:5)
  2 scorpion zombies (D:3)
  3 orc wizards
  2 hound skeletons (D:3)
  A howler monkey skeleton (D:5)
  3 gnolls (D:5)
  9 adders
  5 river rats
  A white imp (D:5)
  An adder zombie (D:3)
  3 worms
  A dart slug (D:5)
  10 orcs
  7 ball pythons
  3 endoplasms
  4 giant cockroaches
  4 goblins
  7 hobgoblins
  7 jackals
  A quokka (D:4)
  A ball python zombie (D:3)
  2 bats (D:1)
  5 frilled lizards
  4 kobolds
  A quokka skeleton (D:4)
  A quokka zombie (D:3)
  5 rats
113 creatures vanquished.

Vanquished Creatures (others)
  An adder (D:3)
  An endoplasm (D:3)
  A quokka (D:3)
  71 plants
  A withered plant (D:3)
75 creatures vanquished.

Grand Total: 188 creatures vanquished

Notes
Turn   | Place    | Note
-------+----------+-------------------------------------------
     0 | D:1      | Heh the Octopode Venom Mage began the quest for the Orb.
     0 | D:1      | Reached XP level 1. HP: 11/11 MP: 3/3
   139 | D:1      | Reached skill level 4 in Poison Magic
   462 | D:1      | Reached XP level 2. HP: 10/17 MP: 5/5
  1171 | D:2      | Noticed Sigmund
  1178 | D:2      | Killed Sigmund
  1179 | D:2      | Reached skill level 7 in Poison Magic
  1179 | D:2      | Reached XP level 3. HP: 21/21 MP: 2/6
  1179 | D:2      | Reached XP level 4. HP: 27/27 MP: 2/7
  1179 | D:2      | Reached XP level 5. HP: 31/31 MP: 2/8
  1248 | D:2      | Found a blossoming altar of Fedhas.
  1274 | D:2      | Learned a level 4 spell: Olgreb's Toxic Radiance
  1703 | D:3      | Learned a level 3 spell: Mephitic Cloud
  1717 | D:3      | Reached XP level 6. HP: 11/36 MP: 9/9
  1916 | D:3      | Found a faded altar of an unknown god.
  1946 | D:3      | Reached skill level 8 in Poison Magic
  3316 | D:4      | Reached skill level 9 in Poison Magic
  3316 | D:4      | Reached XP level 7. HP: 42/42 MP: 10/10
  3359 | D:4      | Reached skill level 1 in Fighting
  3403 | D:4      | Found a staircase to the Ecumenical Temple.
  3879 | Temple   | Entered the Ecumenical Temple
  4162 | Temple   | Became a worshipper of Vehumet
  4224 | D:5      | Entered Level 5 of the Dungeon
  4224 | D:5      | Found a glowing drain.
  4241 | Sewer    | Entered a sewer
  4876 | Sewer    | Reached * piety under Vehumet
  4876 | Sewer    | Offered knowledge of Foxfire by Vehumet.
  5103 | D:5      | Reached XP level 8. HP: 25/53 MP: 6/12
  5133 | D:5      | Noticed Pikel
  5145 | D:5      | Killed Pikel
  5146 | D:5      | Reached skill level 5 in Fighting
  5451 | D:5      | Noticed Blork the orc
  5458 | D:5      | Killed Blork the orc
  5627 | D:5      | Noticed Menkaure
  5636 | D:5      | Killed Menkaure
  5978 | D:5      | Reached XP level 9. HP: 46/63 MP: 15/15
  6253 | D:5      | Reached skill level 5 in Dodging
  6562 | D:6      | HP: 2/63 [something (4)]
  6562 | D:6      | Slain by a sky beast

Illustrated notes

Levels and vault maps discovered:
D:1:      roderic_crop_circles_arrival_small, layout_loops_cross
D:2:      layout_rooms, basic_altar, kennysheep_small_spiral, uniq_sigmund
D:3:      cheibrodos_pilgrimage, layout_rooms, serial_undead, serial_undead_d,
          serial_undead_d, serial_undead_c, serial_undead_d, serial_undead_d,
          serial_undead_e, dreamdust_ecumenical_altar_sealed_demon,
          lemuel_old_faithful
D:4:      layout_gridville, temple_doors_ab
D:5:      layout_basic, portal_sewer_entry_a, minmay_misc_feat_square,
          dk_noncrumbling_3, uniq_menkaure, uniq_blork_the_orc, uniq_pikel
D:6:      layout_cave_pools, minivault_4
Temple:   mainiacjoe_temple_archimedes_tessellation

Skill      XL: |  1  2  3  4  5  6  7  8  9 |
---------------+----------------------------+-----
Poison Magic   | 4 7 9 |  9.0
Fighting       | 3 6 |  6.8
Spellcasting   | 3 4 |  4.0
Dodging        | 3 4 5 |  5.2
Stealth        | |  2.6
Transmutations | |  1.0

Action                   |  1- 3 |  4- 6 |  7- 9 || total
-------------------------+-------+-------+-------++-------
Melee: Unarmed           |    37 |       |       ||    37
       Constrict         |    14 |    19 |    25 ||    58
       Tentacles         |    12 |    27 |    24 ||    63
       Dagger            |       |    61 |       ||    61
       Scythe            |       |     9 |       ||     9
       Mace              |       |    18 |     2 ||    20
       War axe           |       |     4 |       ||     4
       Punch             |       |     2 |     3 ||     5
       Rapier            |       |       |   123 ||   123
 Cast: Sting             |     4 |     2 |     2 ||     8
       Olgreb's Toxic Ra |       |     3 |    11 ||    14
       Mephitic Cloud    |       |       |     1 ||     1
  Use: Potion            |     2 |     1 |     3 ||     6
       Scroll            |     1 |       |     3 ||     4
 Stab: Sleeping          |     5 |     7 |     8 ||    20
       Confused          |       |       |     1 ||     1
Armor: Skin              |       |     4 |     6 ||    10
Dodge: Dodged            |    31 |    86 |   106 ||   223

Table legend: (Time is in decaauts)
 A = Elapsed time spent in this place.
 B = Non-inter-level travel time spent in this place.
 C = Inter-level travel time spent in this place.
 D = Time resting spent in this place.
 E = Time spent auto-exploring this place.
 F = Levels seen in this place.
 G = Mean time per level.
                   A        B        C        D        E       F      G
               +--------+--------+--------+--------+--------+-----+--------+
         Total |   6596 |   6236 |    360 |   1632 |   3733 |   8 |  824.5 |
       Dungeon |   5450 |   5149 |    301 |   1441 |   3006 |   6 |  908.3 |
        Temple |    303 |    244 |     59 |      0 |    223 |   1 |  303.0 |
         Sewer |    842 |    842 |      0 |    191 |    504 |   1 |  842.0 |
               +--------+--------+--------+--------+--------+-----+--------+

Top non-repeatable levels by time:
     D:5: 1478 daAuts
     D:3: 1287 daAuts
     D:4: 942 daAuts
     D:1: 905 daAuts
   Sewer: 842 daAuts
     D:2: 799 daAuts
  Temple: 303 daAuts
     D:6: 37 daAuts
